 Dungeon Crawl Stone Soup version 0.22.0-27-ga576289 (webtiles) character file.

301 iamserjio the Ruffian (level 6, -1/61 HPs)
             Began as a Troll Fighter on Aug 21, 2018.
             Slain by a worker ant (2 damage)
             ... on level 4 of the Dungeon.
             The game lasted 00:06:16 (483 turns).

iamserjio the Ruffian (Troll Fighter)                Turns: 483, Time: 00:06:16

Health: -1/61      AC:  5    Str: 25    XL:     6   Next: 14%
Magic:  5/5        EV:  8    Int:  6    God:
Gold:   32         SH:  9    Dex:  9    Spells: 5/5 levels left

rFire    . . .     SeeInvis .     - Unarmed
rCold    . . .     Gourm    +   b - +0 shield
rNeg     + . .     Faith    .   a - +0 robe
rPois    .         Spirit   .   (helmet restricted)
rElec    .         Reflect  .   (no cloak)
rCorr    .         Harm     .   (gloves unavailable)
MR       .....                  (boots unavailable)
Stlth    +.........             (no amulet)
HPRegen  0.60/turn              g - ring of positive energy
MPRegen  0.09/turn              (no ring)

@: lethally poisoned (-1 -> -2)
A: large, unfitting armour, claws 3, fast metabolism 3, gourmand, regeneration
1, shaggy fur 1, tough skin 2
a: no special abilities


You were on level 4 of the Dungeon.
You were very full.

You visited 1 branch of the dungeon, and saw 5 of its levels.

You collected 32 gold pieces.

Inventory:

Hand Weapons
 h - a +0 blowgun
 k - a +0 hunting sling
Missiles
 l - 10 poisoned needles
 m - 14 stones (quivered)
Armour
 a - a +0 robe (worn)
 b - a +0 shield (worn)
Jewellery
 g - a ring of positive energy (left claw)
Scrolls
 e - a scroll of fear {unknown}
 i - a scroll of identify {unknown}
 j - a scroll of immolation {unknown}
Comestibles
 d - 4 rations


   Skills:
 + Level 3.5 Fighting
 - Level 2.4 Dodging
 - Level 3.5 Shields
 - Level 4.8 Unarmed Combat


You had 5 spell levels left.
You didn't know any spells.
Your spell library was empty.

Dungeon Overview and Level Annotations

Branches:
Dungeon (5/15)
 Temple: D:4-7

Altars:
Uskayaw
Zin


Innate Abilities, Weirdness & Mutations

You are too large for most types of armour.
You have claws for hands.
Your metabolism is lightning-fast.
You like to eat raw meat.
Your natural rate of healing is unusually fast.
You are covered in fur. (AC +1)
You have very tough skin. (AC +2)


Message History

The worker ant bites you.
* * * LOW HITPOINT WARNING * * *
You are poisoned.
The worker ant poisons you! You block the worker ant's attack.
You aren't carrying any potions.
Unknown command.
You aren't carrying any items that you can evoke.
Unknown command.
You barely miss the worker ant.
You feel sick. The worker ant bites you.
* * * LOW HITPOINT WARNING * * *
You are lethally poisoned!
The worker ant poisons you!
Okay, then.
You aren't carrying any potions.
Unknown command.
You scratch the worker ant.
The worker ant is lightly wounded.
* * * LOW HITPOINT WARNING * * *
You feel sick. The worker ant bites you.
You die...

#.###.#.............
.....+.............
##.#.#.............
...................
#.#.#...#....###.. #
#.....#....###..
#.#.....#(........
#####.#.#####>........
.............a@...####
##.....<######))..#
#.....## +....# #.....
#...## #..... #....
#..... #..$.# +.....
#....# #..... #....#
#.....


You could see a worker ant.

Vanquished Creatures
  2 scorpions
  A crimson imp (D:5)
  2 orc priests
  5 adders
  3 gnolls (D:3)
  3 leopard geckos
  3 orcs
  2 bats
  4 giant cockroaches (D:2)
  2 hobgoblins
  A quokka (D:2)
  2 frilled lizards
  2 goblins (D:3)
  2 kobolds (D:3)
  A rat (D:2)
35 creatures vanquished.

Notes
Turn   | Place    | Note
-------+----------+-------------------------------------------
     0 | D:1      | iamserjio the Troll Fighter began the quest for the Orb.
     0 | D:1      | Reached XP level 1. HP: 22/22 MP: 0/0
    70 | D:2      | Found a glowing silver altar of Zin.
   114 | D:2      | Noticed a scorpion
   121 | D:2      | Killed a scorpion
   121 | D:2      | Reached skill level 3 in Unarmed Combat
   121 | D:2      | Reached XP level 2. HP: 23/29 MP: 1/1
   121 | D:2      | Reached XP level 3. HP: 28/36 MP: 2/2
   124 | D:2      | Found a hide-covered altar of Uskayaw.
   136 | D:2      | Reached XP level 4. HP: 19/44 MP: 3/3
   380 | D:3      | Reached XP level 5. HP: 25/53 MP: 4/4
   384 | D:3      | Reached skill level 4 in Unarmed Combat
   440 | D:5      | Entered Level 5 of the Dungeon
   465 | D:5      | Reached XP level 6. HP: 19/61 MP: 5/5
   482 | D:4      | HP: 1/61 [worker ant (3)]
   483 | D:4      | Slain by a worker ant

Skill      XL: |  1  2  3  4  5 |
---------------+----------------+-----
Unarmed Combat | 3 4 |  4.8
Fighting       | 3 |  3.5
Shields        | 3 |  3.5
Dodging        | |  2.4

Action                   |  1- 3 |  4- 6 || total
-------------------------+-------+-------++-------
Melee: Unarmed           |    20 |   121 ||   141
  Use: Potion            |       |     3 ||     3
  Eat: Chunk             |     4 |     4 ||     8
Armor: Robe              |     2 |    38 ||    40
Dodge: Dodged            |    11 |    59 ||    70
Block: Shield            |    20 |    70 ||    90
